AoeStats
← Kanata

Arena

509046797Analyzed
2v2 RM · 6d ago on Sep 25, 2026· 53m 11s· 4 players
Game mode
Random Map
Map size
Medium (4 player)
Population
200
Speed
Normal
Resources
Standard
Victory
Conquest
Starting age
Dark Age
Ending age
Imperial Age
RankedLock teamsTeams togetherTeam positionsShared explorationLock speedFull tech treeHidden civsTurbo modeCheats
Victory
Defeat
🇨🇳 Bohemians · China
860
+13
🇨🇳 Persians · China
856
+13
🇨🇳 Vietnamese · China
809
-13
🇺🇸 Franks · United States
789
-13
Mysterious Case
11:44 Loom
13:30 Feudal Age
14:25 Double-Bit Axe
19:19 Castle Age
18:38 Gold Mining
20:14 Bow Saw
25:14 Crossbowman
28:01 Wheelbarrow
29:01 Fletching
34:47 Imperial Age
34:32 Light Cavalry
35:53 Pikeman
36:35 Scale Mail Armor
36:45 Forging
36:11 Capped Ram
36:50 Halberdier
37:52 Scale Barding Armor
37:46 Bodkin Arrow
38:06 Chain Mail Armor
40:50 Hand Cart
44:35 Iron Casting
45:18 Elite Skirmisher
49:04 Plate Mail Armor
48:37 Padded Archer Armor
49:06 Imperial Skirmisher
mike
9:27 Loom
11:36 Feudal Age
15:39 Castle Age
13:42 Double-Bit Axe
14:14 Horse Collar
16:19 Wheelbarrow
16:47 Bow Saw
20:44 Stone Mining
22:02 Town Watch
24:32 Hand Cart
24:18 Town Patrol
24:56 Fletching
25:10 Padded Archer Armor
25:50 Gold Mining
27:45 Stone Shaft Mining
27:12 Treadmill Crane
27:45 Fortified Wall
27:57 Ballistics
27:36 Bodkin Arrow
28:30 Husbandry
28:41 Bloodlines
29:44 Forging
29:55 Heavy Plow
30:09 Chatras
32:23 Iron Casting
32:03 Leather Archer Armor
31:54 Scale Barding Armor
32:16 Masonry
35:40 Imperial Age
36:08 Thumb Ring
35:25 Elite Skirmisher
36:53 Paper Money
35:56 Elite Rattan Archer
36:00 Elite Battle Elephant
38:30 Two-Man Saw
38:04 Crop Rotation
37:38 Bracer
38:03 Chain Barding Armor
38:21 Ring Archer Armor
39:14 Imperial Skirmisher
41:45 Plate Barding Armor
41:37 Squires
41:23 Arson
47:18 Scale Mail Armor
47:16 Light Cavalry
48:22 Chain Mail Armor
48:59 Siege Engineers
49:56 Chemistry
50:36 Pikeman
Kanata
12:55 Feudal Age
14:02 Horse Collar
14:10 Double-Bit Axe
18:31 Castle Age
17:22 Scale Mail Armor
19:24 Pikeman
20:58 Chain Mail Armor
21:36 Wheelbarrow
25:08 Chemistry
29:03 Imperial Age
26:51 Hand Cart
27:29 Fletching
28:35 Bodkin Arrow
29:52 Forging
30:21 Heavy Plow
30:09 Loom
30:10 Town Watch
31:05 Wagenburg Tactics
32:19 Bracer
34:14 Plate Mail Armor
36:41 Halberdier
37:56 Siege Engineers
37:58 Houfnice
42:06 Iron Casting
41:45 Elite Hussite Wagon
44:13 Hussite Reforms
44:29 Conscription
47:07 Blast Furnace
46:58 Ballistics
47:21 Murder Holes
47:58 Capped Ram
48:48 Scale Barding Armor
48:44 Padded Archer Armor
50:51 Chain Barding Armor
50:47 Leather Archer Armor
51:51 Man-at-Arms
Acerlatu
9:34 Feudal Age
11:08 Double-Bit Axe
15:50 Castle Age
14:22 Horse Collar
17:08 Bow Saw
18:22 Wheelbarrow
20:35 Heavy Plow
21:40 Town Watch
23:08 Loom
25:20 Pikeman
26:10 Stone Mining
28:32 Fletching
31:35 Imperial Age
29:20 Gold Mining
30:06 Stone Shaft Mining
31:43 Husbandry
31:54 Bloodlines
32:41 Hand Cart
32:35 Scale Barding Armor
32:40 Forging
32:21 Cavalier
34:43 Conscription
34:49 Chain Barding Armor
34:40 Forging
34:44 Bodkin Arrow
36:15 Plate Barding Armor
36:15 Iron Casting
36:50 Iron Casting
37:13 Hoardings
38:18 Chemistry
37:39 Ballistics
38:24 Chemistry
37:01 Savar
38:52 Blast Furnace
38:47 Gold Shaft Mining
42:12 Murder Holes
42:27 Masonry
42:53 Elite War Elephant
44:23 Thumb Ring
43:40 Crossbowman
44:30 Kamandaran
44:41 Citadels
45:52 Light Cavalry
48:22 Squires
49:11 Citadels
50:01 Padded Archer Armor
50:02 Scale Mail Armor
50:29 Capped Ram
51:17 Hussar
Connection lost

Rejoining the realm…

Still unreachable

The connection could not be restored.

Session expired

The server has moved on; the page needs a fresh start.